 Dungeon Crawl Stone Soup version 0.29-a0-362-g5854e031c7 (webtiles) character file.

Game seed: 14537027315841461970

344 oldriver the Skirmisher (level 6, 0/81 HPs)
             Began as a Palentonga Abyssal Knight on Apr 30, 2022.
             Was a Priest of Lugonu.
             Succumbed to a hornet's poison
             ... on level 4 of the Dungeon.
             The game lasted 00:03:28 (2971 turns).

oldriver the Skirmisher (Palentonga Abyssal Knight) Turns: 2971, Time: 00:03:29

Health: 0/81       AC: 23    Str: 18    XL:     6   Next: 31%
Magic:  7/7        EV:  1    Int: 11    God:    Lugonu [***...]
Gold:   118        SH:  0    Dex: 10    Spells: 5/5 levels left

rFire   . . .      SeeInvis +   a - +1 hand axe
rCold   . . .      Faith    .   (no shield)
rNeg    . . .      Spirit   .   (body armour currently unavailable)
rPois   +          Reflect  .   (helmet currently unavailable)
rElec   .          Harm     .   (cloak currently unavailable)
rCorr   .          Rampage  .   (gloves currently unavailable)
Will    .....      NoTele   +   (no barding)
Stlth   +.........              (no amulet)
HPRegen 0.23/turn               (no ring)
MPRegen 0.10/turn               (no ring)

@: lethally poisoned (0 -> -12), tree-form, slowed, very slow
A: stationary, stasis, torment immunity, boosted hp, large, rugged brown scales
3, see invisible, (deformed body), (roll 1), (armoured tail), (iridescent scales
1)
a: Renounce Religion, Depart the Abyss, Bend Space, Banish


You were on level 4 of the Dungeon.
You worshipped Lugonu.
Lugonu was most pleased with you.
You were a tree.
You visited 1 branch of the dungeon, and saw 4 of its levels.
You visited the Abyss 1 time.

You collected 118 gold pieces.

Inventory:

Hand Weapons
 a - a +1 hand axe (weapon)
Armour
 b - a +1 pair of gloves (melded)
 f - a +3 scale mail of cold resistance (melded)
Wands
 e - a wand of iceblast (7)
 n - a wand of polymorph (9)
 r - a wand of mindburst (3)
Scrolls
 c - 2 scrolls of vulnerability
 d - a scroll of enchant weapon {unknown}
 j - a scroll of summoning {unknown}
 s - a scroll of noise {unknown}
 t - a scroll of blinking
Potions
 h - a potion of heal wounds {unknown}
 i - a potion of magic
 k - a potion of curing {unknown}
 l - a potion of might
 m - a potion of ambrosia {unknown}
 o - a potion of lignification
 p - a potion of brilliance {unknown}
 q - a potion of degeneration {unknown}


   Skills:
 * Level 5.4 Fighting
 * Level 4.9 Axes
 - Level 1.5 Armour
 - Level 0.7 Dodging
 - Level 2.0 Invocations


You had 5 spell levels left.
You didn't know any spells.
Your spell library contained the following spells:

 Spells                   Type           Power      Damage    Failure   Level
 Animate Skeleton         Necr           0%         N/A       34%         1
 Pain                     Necr           0%         1d4       34%         1
 Vampiric Draining        Necr           0%         2d6       71%         3


Dungeon Overview and Level Annotations

Branches:
Dungeon (4/15)
 Temple: D:4-7

Altars:
Qazlal
Sif Muna


Innate Abilities, Weirdness & Mutations

You are a tree.
Your roots penetrate the ground, keeping you stationary.
You cannot be teleported.
You are immune to unholy pain and torment.
Your maximum health is greatly increased.
Your equipment is partially melded.
(You are completely covered in rugged brown scales. (AC +3, +7% HP))
You have supernaturally acute eyesight. (SInv)
((Armour fits poorly on your strangely shaped body.))
((You can roll at nearby foes to attack.))
((You have a long armoured tail.))
((You are partially covered in iridescent scales. (AC +2)))


Message History

You roll forward with a clatter of scales!
You completely miss the hornet.
You hear a bark! x3
The hornet stings you.
You are poisoned.
You feel yourself slow down. The hornet closely misses you.
You hit the hornet.
The hornet is lightly wounded.
You feel very sick. The hornet barely misses you.
The hornet stings you but does no damage.
You closely miss the hornet.
Your tail-slap misses the hornet.
The hornet is lightly wounded.
You feel sick. The hornet stings you!
You are more poisoned.
You feel as though you will be slow longer.
The hornet stings you but does no damage.
The hornet stings you!
You are lethally poisoned!
You feel as though you will be slow longer.
It was a potion of lignification.
You turn into a tree.
Your +1 pair of gloves melds into your body.
Your +3 scale mail of cold resistance melds into your body.
You feel less resistant to cold.
Your roots penetrate the ground.
* * * LOW HITPOINT WARNING * * *
You feel extremely sick.
The hornet stings you but does no damage.
The hornet stings you.
* * * LOW HITPOINT WARNING * * *
It was a potion of magic.
Magic courses through your body.
* * * LOW HITPOINT WARNING * * *
You feel very sick. The hornet stings you!
* * * LOW HITPOINT WARNING * * *
A jackal comes into view.
The hornet stings you but does no damage.
The jackal moves out of view.
It was a potion of mutation.
You feel extremely strange.
Iridescent scales grow over part of your body.
You die...

########......
.....(#...... #...#......
..#.##..# .##.....# # .
#####.#.## .#.. .. #.#..#
..... ....#.##.#
#####......
......##.#####..♣y.#
....####........#### ....
#........### .....
#.......## .... ##..§§≈..#
... #..≈≈≈§≈.#### ...
##.§§§_≈§...<# #.#
####..§§≈§≈≈..#.###### #.#
#..).#§§§§§≈.##......####.#


You could see a hornet.

Vanquished Creatures
  A phantom (D:4)
  A scorpion (D:3)
  A hound (D:4)
  Jessica (D:3)
  An iguana (D:3)
  Ijyb (D:3)
  4 adders
  2 ufetubi
  2 worms
  2 dart slugs
  An orc (D:4)
  6 ball pythons
  2 bats (D:2)
  9 endoplasms
  4 giant cockroaches
  5 goblins
  A hobgoblin (D:3)
  3 quokkas
  A frilled lizard (D:3)
  2 kobolds (D:3)
  6 rats
56 creatures vanquished.

Notes
Turn   | Place    | Note
-------+----------+-------------------------------------------
     0 | Abyss:1  | oldriver the Palentonga Abyssal Knight began the quest for
                  | the Orb.
     0 | Abyss:1  | Reached XP level 1. HP: 19/19 MP: 2/2
     8 | D:1      | Escaped the Abyss
   693 | D:2      | Found a faded altar of an unknown god.
   701 | D:2      | Reached XP level 2. HP: 22/25 MP: 3/3
  1016 | D:2      | Reached XP level 3. HP: 31/31 MP: 4/4
  1178 | D:3      | Noticed Jessica
  1186 | D:3      | Killed Jessica
  1187 | D:3      | Reached skill level 4 in Fighting
  1285 | D:3      | Reached XP level 4. HP: 39/39 MP: 5/5
  1285 | D:3      | Noticed Ijyb
  1292 | D:3      | Killed Ijyb
  1293 | D:3      | Reached *** piety under Lugonu
  1749 | D:3      | Reached XP level 5. HP: 37/46 MP: 6/6
  1920 | D:3      | Found a shimmering blue altar of Sif Muna.
  2007 | D:3      | Reached skill level 5 in Fighting
  2348 | D:4      | Found a stormy altar of Qazlal.
  2464 | D:4      | Noticed a phantom
  2471 | D:4      | Reached XP level 6. HP: 42/54 MP: 7/7
  2962 | D:4      | Noticed a hornet
  2970 | D:4      | HP: 4/81 [hornet (7)]
  2971 | D:4      | Gained mutation: You are partially covered in iridescent
                  | scales. (AC +2) [potion of mutation]
  2971 | D:4      | Succumbed to a hornet's poison

Illustrated notes

Levels and vault maps discovered:
D:1:      eino_arrival_cavern_a, layout_basic, minmay_misc_feat_rugged
D:2:      layout_rooms, nicolae_ecumenical_pavilion, minmay_misc_feat_chi
D:3:      layout_basic, mainiacjoe_overflow_paths, minmay_divided_ellipse,
          uniq_ijyb, uniq_jessica
D:4:      layout_rooms, mainiacjoe_overflow_catwalk,
          mainiacjoe_overflow_alcove_2, amcnicky_altar_gilded,
          jmf_multi_god_temple2, eino_tiny_chamber, st_stairs_2,
          grunt_ministairs_5

Skill      XL: |  1  2  3  4  5 |
---------------+----------------+-----
Axes           | 3 4 |  4.9
Fighting       | 4 5 |  5.4
Armour         | |  1.5
Dodging        | |  0.7
Invocations    | |  2.0

Action                   |  1- 3 |  4- 6 || total
-------------------------+-------+-------++-------
Melee: Hand axe          |    46 |    97 ||   143
       Tailslap          |    10 |    10 ||    20
       Punch             |     1 |     1 ||     2
 Fire: Hunting sling     |     4 |       ||     4
 Abil: Rolling Charge    |    12 |    14 ||    26
  Use: Scroll            |     6 |     1 ||     7
       Potion            |       |     4 ||     4
Armor: Leather armour    |    14 |     5 ||    19
       Scale mail        |       |    52 ||    52
       Skin              |       |     3 ||     3
Dodge: Dodged            |    14 |    22 ||    36

Table legend: (Time is in decaauts)
 A = Elapsed time spent in this place.
 B = Non-inter-level travel time spent in this place.
 C = Inter-level travel time spent in this place.
 D = Time resting spent in this place.
 E = Time spent auto-exploring this place.
 F = Levels seen in this place.
 G = Mean time per level.
                   A        B        C        D        E       F      G
               +--------+--------+--------+--------+--------+-----+--------+
         Total |   2991 |   2927 |     64 |    665 |   1839 |   5 |  598.2 |
       Dungeon |   2983 |   2919 |     64 |    665 |   1839 |   4 |  745.8 |
         Abyss |      8 |      8 |      0 |      0 |      0 |   1 |    8.0 |
               +--------+--------+--------+--------+--------+-----+--------+

Top non-repeatable levels by time:
     D:3: 1169 daAuts
     D:1: 687 daAuts
     D:4: 649 daAuts
     D:2: 477 daAuts
 Abyss:1: 8 daAuts
